 Dungeon Crawl Stone Soup version 0.16-a0-3288-g377cd6f (webtiles) character file.

261 myeffort the Sneak (level 6, -1/30 HPs)
             Began as a Vine Stalker Assassin on Dec 24, 2014.
             Slain by a hobgoblin (3 damage)
             ... led by Robin
             ... on level 3 of the Dungeon.
             The game lasted 00:08:52 (1496 turns).

myeffort the Sneak (Vine Stalker Assassin)          Turns: 1496, Time: 00:08:52

Health: -1/30      AC:  4    Str: 13    XL:     6   Next: 18%
Magic:  0/7        EV: 11    Int:  9    God:
Gold:   168        SH:  0    Dex: 18    Spells: 0 memorised, 5 levels left

rFire  . . .     SeeInvis .     s - +2 dagger (drain)
rCold  . . .     Clarity  .     k - +0 robe (curse)
rNeg   . . .     SustAb   .     (no shield)
rPois  .         Gourm    .     (no helmet)
rElec  .         Spirit   +     d - +0 cloak
rCorr  .         Warding  .     (no gloves)
rMut   .         Stasis   .     m - +0 pair of boots
MR     .....                    (no amulet)
Stlth  ++++......               (no ring)
                                (no ring)

@: not resistant to hostile enchantments, stealthy
A: fangs 2, breathe flames 1, dopey 1, low mp 1, regeneration 2, screaming 1,
magic shield, antimagic bite, no device heal 3, rot immunity
a: Breathe Fire


You were on level 3 of the Dungeon.
You were very hungry.

You visited 1 branch of the dungeon, and saw 3 of its levels.

You collected 168 gold pieces.

Inventory:

Hand weapons
 a - a +2 dagger
 b - a +0 blowgun
 s - a +2 dagger of draining (weapon)
Missiles
 e - 8 poisoned needles
 f - 2 curare-tipped needles
Armour
 c - a +0 robe
 d - a +0 cloak (worn)
 k - a cursed +0 robe (worn)
 m - a +0 pair of boots (worn)
Scrolls
 i - a scroll of fear {unknown}
 j - 3 scrolls of remove curse {unknown}
 l - 3 scrolls of identify {unknown}
 n - a scroll of recharging {unknown}
 o - 2 scrolls of teleportation {unknown}
 p - a scroll of magic mapping {unknown}
 r - 2 scrolls of enchant weapon {unknown}
Comestibles
 g - 2 bread rations
 q - a beef jerky


   Skills:
 - Level 1.7 Fighting
 + Level 4.3 Short Blades
 - Level 1.7 Throwing
 - Level 0.7 Dodging
 + Level 7.2 Stealth


You had 5 spell levels left.
You didn't know any spells.

Dungeon Overview and Level Annotations

Branches:
Dungeon (3/15)

Altars:
Gozag
Okawaru


Innate Abilities, Weirdness & Mutations

You have extremely sharp teeth.
You heal very quickly.
When hurt, damage is shared between your health and your magic reserves.
Your bite disrupts and absorbs the magic of your enemies.
Potions and wands cannot restore your health.
You are immune to rotting.
You can breathe flames.
You are dopey. (Int -2)
Your magical capacity is low (-10% MP).
You occasionally shout uncontrollably at your foes.


Message History

The hobgoblin hits you with a club.
* * * LOW HITPOINT WARNING * * *
The hobgoblin closely misses you.
You hit the hobgoblin.
You bite the hobgoblin, but do no damage.
The hobgoblin is moderately wounded.
The goblin closely misses you. The hobgoblin barely misses you.
The hobgoblin hits you but does no damage.
You closely miss the hobgoblin. You bite the hobgoblin. You drain its power.
You feel invigorated.
The hobgoblin is severely wounded.
The hobgoblin hits you with a club.
* * * LOW HITPOINT WARNING * * *
The goblin hits you but does no damage.
You are too injured to fight recklessly!
You are too injured to fight recklessly!
You are too injured to fight recklessly!
You are too injured to fight recklessly!
The hobgoblin hits you.
You die...

♣♣♣P..♣♣♣P..♣♣♣..#...##
....
P.....PP......P..#...... .
......)...)......#.......
.....P..P....PP..#........
♣♣♣P.P♣♣♣).)♣♣♣P.#.......#
♣ ♣P.P♣ ♣)).♣ ♣P.#.......#
♣♣♣...♣♣♣...♣♣♣Pgg.........
.P.....P...P.P..gg)......#
................@####)...#
...P.P..P..PPP...# ..#
♣♣♣P.P♣♣♣...♣♣♣..# # ♣
♣...♣ ♣...♣ ♣P.#
♣♣♣...♣♣♣...♣♣♣P.#
.P.....P....PP...#
.................#
......############ #######


You could see 3 hobgoblins and a goblin.

Vanquished Creatures
  The ghost of myeffort the Sneak, an average VSAs (D:3)
  An orc priest (D:3)
  An orc wizard (D:3)
  Robin (D:3)
  5 adders
  3 worms
  4 giant geckos
  7 orcs (D:3)
  6 bats
  A bat skeleton (D:3)
  2 giant cockroaches
  11 goblins
  6 hobgoblins
  9 kobolds
  A quokka (D:3)
  2 giant newts
  5 rats
66 creatures vanquished.

Notes
Turn   | Place    | Note
--------------------------------------------------------------
     0 | D:1      | myeffort, the Vine Stalker Assassin, began the quest for the Orb.
     0 | D:1      | Reached XP level 1. HP: 11/11 MP: 1/1
    96 | D:1      | Reached skill level 5 in Stealth
   232 | D:1      | Reached XP level 2. HP: 15/15 MP: 3/3
   680 | D:2      | Reached XP level 3. HP: 15/18 MP: 4/4
   772 | D:2      | Gained mutation: Your magical capacity is low (-10% MP). [potion of mutation]
   772 | D:2      | Gained mutation: You occasionally shout uncontrollably at your foes. [potion of mutation]
   772 | D:2      | Gained mutation: You can breathe flames. [potion of mutation]
   860 | D:2      | Reached XP level 4. HP: 19/23 MP: 4/4
   908 | D:2      | Reached skill level 6 in Stealth
  1059 | D:3      | Gained mutation: You are dopey. (Int -2) [potion of mutation]
  1126 | D:3      | Noticed myeffort's ghost (average VSAs)
  1143 | D:3      | Killed myeffort's ghost
  1143 | D:3      | Reached XP level 5. HP: 12/26 MP: 6/6
  1236 | D:3      | Found an iron altar of Okawaru.
  1242 | D:3      | Found an opulent altar of Gozag.
  1347 | D:3      | Reached skill level 7 in Stealth
  1347 | D:3      | Gained mutation: You heal very quickly. [vine stalker growth]
  1347 | D:3      | Reached XP level 6. HP: 8/30 MP: 2/7
  1469 | D:3      | Noticed Robin
  1493 | D:3      | Killed Robin
  1496 | D:3      | Slain by a hobgoblin

Action                   |  1- 3 |  4- 6 || total
-------------------------+-------+-------++-------
Melee: Dagger            |   104 |   114 ||   218
  Use: Potion            |     4 |     6 ||    10
 Stab: Sleeping          |     4 |     3 ||     7
  Eat: Chunk             |       |     1 ||     1
